 Dungeon Crawl Stone Soup version 0.26-a0-597-gb535b0901c (webtiles) character file.

Game seed: 3463102525510809779

282 Lanoc the Chopper (level 6, -6/52 HPs)
             Began as a Minotaur Gladiator on Aug 25, 2020.
             Mangled by Prince Ribbit (17 damage)
             ... on level 5 of the Dungeon.
             The game lasted 00:02:35 (3066 turns).

Lanoc the Chopper (Minotaur Gladiator)              Turns: 3066, Time: 00:02:35

Health: -6/52      AC:  4    Str: 18    XL:     6   Next: 6%
Magic:  5/5        EV: 14    Int:  5    God:
Gold:   132        SH:  0    Dex: 14    Spells: 5/5 levels left

rFire    . . .     SeeInvis .   a - +0 war axe
rCold    . . .     Faith    .   (no shield)
rNeg     . . .     Spirit   .   b - +0 leather armour
rPois    .         Reflect  .   c - +0 hat
rElec    .         Harm     .   (no cloak)
rCorr    .                      q - +0 pair of gloves
MR       .....                  (no boots)
Stlth    +.........             (no amulet)
HPRegen  0.17/turn              (no ring)
MPRegen  0.09/turn              (no ring)

@: brilliant
A: retaliatory headbutt, horns 2
a: no special abilities


You were on level 5 of the Dungeon.
You visited 1 branch of the dungeon, and saw 5 of its levels.

You collected 132 gold pieces.

Inventory:

Hand Weapons
 a - a +0 war axe (weapon)
Armour
 b - a +0 leather armour (worn)
 c - a +0 hat (worn)
 q - a +0 pair of gloves (worn)
Scrolls
 f - 3 scrolls of remove curse {unknown}
 h - a scroll of magic mapping {unknown}
 k - 2 scrolls of identify {unknown}
 o - a scroll of fog {unknown}
Potions
 e - a potion of curing
 g - a potion of heal wounds {unknown}
 i - a potion of invisibility {unknown}
 j - a potion of brilliance
 l - a potion of stabbing {unknown}
 m - a potion of flight {unknown}
 n - a potion of resistance {unknown}
 p - a potion of lignification {unknown}


   Skills:
 + Level 4.0 Fighting
 * Level 5.9 Axes
 - Level 2.0 Throwing
 + Level 3.0 Armour
 + Level 4.4 Dodging


You had 5 spell levels left.
You didn't know any spells.
Your spell library was empty.

Dungeon Overview and Level Annotations

Branches:
Dungeon (5/15)
 Temple: D:4-7

Altars:
Dithmenos

Shops:
D:4 (((

Annotations:
D:3 3 runed translucent doors, Superazbuka's ghost, amateur TeAE
D:5 Prince Ribbit


Innate Abilities, Weirdness & Mutations

You reflexively headbutt those who attack you in melee.
You have a pair of horns on your head.


Message History

Prince Ribbit is caught in the net!
Prince Ribbit is heavily wounded.
Prince Ribbit struggles against the net.
Prince Ribbit struggles against the net. x2
You see here a throwing net.
Prince Ribbit blinks!
Prince Ribbit blinks!
You see here a throwing net.
d - a throwing net Prince Ribbit hops awkwardly around.
Throwing (i - inventory)
d - a throwing net (quivered)
Press: ? - help, Shift-Dir - straight line, f/p - Prince Ribbit
Aim: Prince Ribbit (heavily wounded)
You throw a throwing net. The throwing net misses Prince Ribbit.
It was a potion of brilliance.
You feel clever all of a sudden. Prince Ribbit closely misses you.
You furiously retaliate!
You headbutt Prince Ribbit.
You feel better. Prince Ribbit hits you!
You die...

##### #
#.(.###.#
#...F@..#
#..(#####
##.## #.#
#.# #.#
#.#
#.######
#......###


You could see Prince Ribbit.

Vanquished Creatures
  A phantom (D:4)
  A centaur skeleton (D:4)
  2 worker ants (D:4)
  A hound skeleton (D:4)
  7 adders
  3 oozes
  A worm (D:4)
  A leopard gecko (D:3)
  3 orcs
  A giant cockroach (D:4)
  2 goblins (D:3)
  2 hobgoblins (D:3)
  5 jackals
  A quokka (D:3)
  4 bats
  3 frilled lizards
38 creatures vanquished.

Notes
Turn   | Place    | Note
-------+----------+-------------------------------------------
     0 | D:1      | Lanoc the Minotaur Gladiator began the quest for the Orb.
     0 | D:1      | Reached XP level 1. HP: 18/18 MP: 0/0
    95 | D:3      | Reached skill level 4 in Axes
    95 | D:3      | Reached XP level 2. HP: 8/25 MP: 1/1
   211 | D:3      | Reached skill level 1 in Armour
   366 | D:3      | Noticed Superazbuka's ghost (amateur TeAE)
   385 | D:3      | Found a runed translucent gate.
   385 | D:3      | Found a runed translucent gate.
   385 | D:3      | Found a runed translucent gate.
   391 | D:3      | Reached XP level 3. HP: 30/30 MP: 2/2
   693 | D:3      | Reached XP level 4. HP: 32/38 MP: 3/3
  1569 | D:4      | Found Pusuba Ufif's Weapon Shop.
  1596 | D:4      | Reached skill level 5 in Axes
  2103 | D:4      | Found Fufisomp's Antique Weapon Shoppe.
  2115 | D:4      | Found Qann's Weapon Shoppe.
  2185 | D:4      | Reached XP level 5. HP: 22/45 MP: 4/4
  2559 | D:4      | Found a shadowy altar of Dithmenos.
  2559 | D:4      | Noticed a phantom
  2590 | D:4      | Killed a phantom
  2590 | D:4      | Reached XP level 6. HP: 17/52 MP: 5/5
  3033 | D:5      | Entered Level 5 of the Dungeon
  3044 | D:5      | Noticed Prince Ribbit
  3066 | D:5      | Mangled by Prince Ribbit

Illustrated notes

Levels and vault maps discovered:
D:1:      dpeg_arrival_water_fire, layout_basic
D:2:      layout_loops_ring, chequers_ecumenical_altar_twisty
D:3:      layout_basic, gammafunk_ghost_icy, grunt_decor_one_mirror
D:4:      layout_basic, grunt_dithmenos_shadows, serial_shops, kennysheep_mini,
          shop, nicolae_shop_trees
D:5:      layout_loops_ring, vehumet_statue, serial_shops, shop,
          uniq_crazy_yiuf_cottage, uniq_pikel, uniq_prince_ribbit1

Skill      XL: |  1  2  3  4  5 |
---------------+----------------+-----
Axes           | 4 5 |  5.9
Armour         | 1 2 3 |  3.0
Fighting       | 3 4 |  4.0
Dodging        | 4 |  4.4
Throwing       | |  2.0

Action                   |  1- 3 |  4- 6 || total
-------------------------+-------+-------++-------
Melee: War axe           |    37 |    69 ||   106
       Headbutt          |     4 |    15 ||    19
Throw: Throwing net      |       |     4 ||     4
  Use: Potion            |     1 |     2 ||     3
Armor: Leather armour    |    11 |    10 ||    21
Dodge: Dodged            |    30 |    43 ||    73

Table legend: (Time is in decaauts)
 A = Elapsed time spent in this place.
 B = Non-inter-level travel time spent in this place.
 C = Inter-level travel time spent in this place.
 D = Time resting spent in this place.
 E = Time spent auto-exploring this place.
 F = Levels seen in this place.
 G = Mean time per level.
                   A        B        C        D        E       F      G
               +--------+--------+--------+--------+--------+-----+--------+
         Total |   3092 |   2999 |     93 |      0 |   2706 |   5 |  618.4 |
       Dungeon |   3092 |   2999 |     93 |      0 |   2706 |   5 |  618.4 |
               +--------+--------+--------+--------+--------+-----+--------+

Top non-repeatable levels by time:
     D:4: 1733 daAuts
     D:3: 1238 daAuts
     D:2: 66 daAuts
     D:5: 33 daAuts
     D:1: 20 daAuts
